Orko, chaotic male orcish Wizard --- --.---- ------ |.....----.--.--- --..............-- |...............-- --#................| --..--.---......--.-- |..----- -----.----- ---- |...-- ---..--- -#-....-- ##.......| . #=#...o.F..--.| -----.-...S.[*...| --.|..............-- |........--.@........ |.....------......-- --...-- ---....| ----- --..-- ---- Orko the Conjurer Experience level: 4 Strength: 9 Dexterity: 11 Constitution: 19 Intelligence: 16 Wisdom: 11 Charisma: 10 Health: 0(38) Energy: 27(27) Def: 9 Gold: 156 Moves: 2297 Dungeon seed: ikbtbwSau8fN-4QU Game ID: Orko_1568688868 Your Inventory: Rings C - an uncursed +1 ring of gain constitution (on left hand) D - an uncursed ring of invisibility Armor h - an uncursed +0 dwarvish iron helm (being worn) n - a cursed -1 dwarvish cloak (being worn) r - an uncursed +0 dwarvish cloak u - a cursed +0 banded mail (being worn) z - an uncursed +0 pair of iron shoes (being worn) Y - an uncursed +0 cloak of magic resistance Weapons b - a blessed +1 quarterstaff (weapon in hands) c - an uncursed +0 sling named . f - an uncursed +1 dart named +1 q - 2 uncursed +0 daggers named . x - 20 uncursed poisoned +1 darts named +1 (in quiver) Wands Z - an uncursed wand of sleep (0:1) Potions R - an uncursed potion of confusion Scrolls m - a cursed scroll of food detection B - an uncursed scroll of magic mapping P - an uncursed scroll of create monster Comestibles T - an uncursed egg Tools e - an uncursed partly used wax candle (lit) (0:198) i - an uncursed wax candle (0:400) j - 7 cursed tallow candles (0:200) k - an uncursed tin whistle Gems a - an uncursed jasper stone I - an uncursed opal named <( 3 W - an uncursed worthless piece of orange glass named <@ 3! Coins $ - 156 gold pieces Spells and supernatural/magical abilities: Name Level Category Fail Memory a - force bolt 1 attack 96% 89% h - healing 1 healing 96% 89% H - haste self 3 escape 100% 90% W - pray for help -- divine ? -- Your skills at the end: Fighting Skills Weapon Skills quarterstaff [Basic] Spellcasting Skills attack spells [Basic] enchantment spells [Basic] Final Attributes: You were piously aligned. You were poison resistant. You were hallucinating. You had infravision. You are dead. Vanquished creatures: a floating eye 4 dwarves a kobold shaman a giant bat an acid blob a hobbit 6 manes a large kobold a hobgoblin 2 giant rats a yellow mold a red mold 10 gnomes a gnome zombie 7 jackals a goblin a sewer rat 2 grid bugs a bat a kobold zombie 3 newts and a partridge in a pear tree 48 creatures vanquished. Voluntary challenges: You were an atheist. You used a wielded weapon 46 times, starting on turn 93. You read items or engraved 9 times, starting on turn 179. You never genocided any monsters. You never polymorphed an object. You never changed form. You used no wishes. You never split a pudding. You never wrote Elbereth's name. You violated your moral code, losing 10 points of alignment, starting on turn 1205. You abstained from Elbereth's help. You werepermanently hallucinating. Dungeon overview: The Dungeons of Doom: levels 1 to 4 Level 1 a long staircase Level 2 a fountain Level 3 a potion shop Level 4 a fountain stairs to The Gnomish Mines The Gnomish Mines: levels 5 to 6 Level 5 stairs to The Dungeons of Doom Level 6 <- You were here History has recorded: On T:1 you entered the Dungeons of Doom to retrieve the Amulet of Yendor! On T:34 you reached level 2 of The Dungeons of Doom. On T:436 you reached level 3 of The Dungeons of Doom. On T:847 you reached level 4 of The Dungeons of Doom. On T:965 you advanced to experience level 2. On T:1453 you reached level 1 of The Gnomish Mines. On T:1494 you advanced to experience level 3. On T:1709 you advanced to experience level 4. On T:2068 you reached level 2 of The Gnomish Mines. Score breakdown: Gold: 156 ( 7469 points) Experience: 4 levels ( 9649 points) Exploration: 6 levels ( 12.24%) ( 9682 points) Discoveries: 3 items ( 1.08%) ( 3122 points) Valuables value: (no points given unless you survive) Artifact value: 0 ( 0 points) Variety of kills: 21 monsters ( 5.51%) ( 7043 points) Turncount: 2297 turns ( -205 points) Survival: died (score multiplied by 80%) Total score: 29408 Latest messages: You are now wielding your quarterstaff. You miss it. The lichen misses. You miss it. The Green-elf hits! You miss it. (2x) The bookworm misses. You miss it. (2x) The sleep ray hits it. (2x) You hit it. You miss it. The red mold hits! You hit it. King Kong hits! The dagger named . misses it. x - 21 poisoned darts named +1 (in quiver). The poisoned dart named +1 misses it. The dog hits! You die... Final status: Goodbye Orko the Wizard, killed by a hallucinogen-distorted gnome king... You died in The Gnomish Mines on dungeon level 6 with 29408 points, and 156 pieces of gold, after 2297 moves. You were level 4 with a maximum of 38 hit points when you died.